[Event "*** Titled Tuesday Blitz"]
[Site "Chess.com"]
[Date "2019.05.07"]
[Round "1"]
[White "BlueWizzard"]
[Black "Caterpiller35"]
[Result "1-0"]
[WhiteElo "2767"]
[BlackElo "2408"]
[TimeControl "180+2"]
[EndTime "13:07:29 PDT"]
[Termination "BlueWizzard won on time"]

1. e4 c5 2. Nc3 Nc6 3. Nf3 g6 4. d4 cxd4 5. Nxd4 Bg7 6. Be3 Nf6 7. h3 O-O 8. Bc4 a6 9. Bb3 b5 10. O-O Bb7 11. Re1 d6 12. a3 Rc8 13. f4 e5 14. Nf3 Nh5 15. f5 Nf4 16. Qd2 gxf5 17. exf5 Nd4 18. Bxd4 Bxf3 19. gxf3 Qg5+ 20. Kh1 exd4 21.
Nd5 Nxh3 22. Qxg5 Nxg5 23. f6 Bh6 24. f4 Ne6 25. Ne7+ Kh8 26. Nxc8 Rxc8 27. f5 Ng5 28. Re2 1-0

[Event "*** Titled Tuesday Blitz"]
[Site "Chess.com"]
[Date "2019.05.07"]
[Round "1"]
[White "Keithonsky"]
[Black "ChessQueen"]
[Result "1-0"]
[WhiteElo "2358"]
[BlackElo "2645"]
[TimeControl "180+2"]
[EndTime "13:07:30 PDT"]
[Termination "Keithonsky won by resignation"]

1. d4 Nf6 2. c4 e6 3. Nf3 b6 4. g3 Bb7 5. Bg2 Be7 6. O-O O-O 7.
Nc3 Ne4 8. Qc2 Nxc3 9. Qxc3 Be4 10. Rd1 d5 11. Ne1 Bxg2 12. Nxg2 Nd7 13. cxd5 exd5 14. Qc6 Nf6 15. Bf4 Rc8 16. Rac1 Bd6 17. Bxd6 Qxd6 18. Qxd6 cxd6 19. Ne3 g6 20. f3 Rfe8 21.
Kf2 Kf8 22. g4 h6 23. h4 g5 24. h5 Red8 25. Nf5 Ng8 26. Ke3 Ne7 27. Ng3 Kg7 28. Kd3 Kf6 29. e4 dxe4+ 30. fxe4 Ke6 31. Rf1 f6 32.
Rc3 Rxc3+ 33. bxc3 d5 34. exd5+ Nxd5 35. Nf5 Rc8 36.
Re1+ Kd7 37. c4 Nf4+ 38. Kc3 b5 39. c5 Nd5+ 40. Kb3 a5 41. Nxh6 a4+ 42. Kb2 Nb4 43. Re3 Nd5 44. Re2 Nf4 45. Re4 Ne6 46. Nf5 b4 47.
c6+ Rxc6 48. d5 a3+ 49. Kb1 1-0

[Event "*** Titled Tuesday Blitz"]
[Site "Chess.com"]
[Date "2019.05.07"]
[Round "1"]
[White "BasilSmash"]
[Black "penguingm1"]
[Result "0-1"]
[WhiteElo "2489"]
[BlackElo "2906"]
[TimeControl "180+2"]
[EndTime "13:07:32 PDT"]
[Termination "penguingm1 won on time"]

1. e4 e5 2. Nf3 Nc6 3. Bb5 a6 4.
Bxc6 dxc6 5. O-O Bd6 6. d4 exd4 7. Qxd4 f6 8. Be3 Ne7 9. Nbd2 Be6 10. Rad1 Ng6 11.
Nc4 Bxc4 12. Qxc4 Qe7 13. Nd4 Qxe4 14. Rfe1 O-O-O 15. g3 Rhe8 16. Qc3 Ne5 17. Bf4 Qd5 18. Qb3 Qxb3 19. axb3 Bb4 20. c3 Rxd4 21. Rxd4 Nf3+ 22. Kg2 Nxe1+ 23. Kf1 Bc5 24. Rc4 Bb6 0-1

[Event "*** Titled Tuesday Blitz"]
[Site "Chess.com"]
[Date "2019.05.07"]
[Round "1"]
[White "ZuchBolt"]
[Black "Alopekos"]
[Result "0-1"]
[WhiteElo "2258"]
[BlackElo "2581"]
[TimeControl "180+2"]
[EndTime "13:07:32 PDT"]
[Termination "Alopekos won by resignation"]

1. d4 Nf6 2. c4 e6 3. g3 d5 4. Bg2 Be7 5. Nf3 O-O 6. O-O dxc4 7. Qc2 b5 8. Ne5 Qxd4 9. Bxa8 Qxe5 10. Bf4 Qh5 11. Bg2 e5 12. Bc1 Ng4 13. h3 Nf6 14. Kh2 Nc6 15. e3 Nb4 16. Qc3 Nd3 17. a4 a6 18. axb5 axb5 19. Ra8 Bb4 20. Qc2 Ne1 21. Rxe1 Bxe1 22. Nc3 Bxf2 23. Rxc8 Rxc8 24. Nxb5 Ng4+ 25. Kh1 Bxg3 26. Kg1 Nf2 27. Qxf2 Bxf2+ 28. Kxf2 Qd1 29. Nc3 Qxc1 0-1

[Event "*** Titled Tuesday Blitz"]
[Site "Chess.com"]
[Date "2019.05.07"]
[Round "1"]
[White "Gergo85"]
[Black "Satscho"]
[Result "1-0"]
[WhiteElo "2625"]
[BlackElo "2303"]
[TimeControl "180+2"]
[EndTime "13:07:33 PDT"]
[Termination "Gergo85 won by resignation"]

1. Nf3 Nf6 2. g3 g6 3. Bg2 Bg7 4.
O-O O-O 5. b3 d6 6. Bb2 e5 7. d4 Nc6 8. e3 Re8 9. c4 e4 10. Nfd2 Bf5 11. Nc3 Qd7 12. a3 Bh3 13. Qc2 Bxg2 14. Kxg2 Qf5 15. h3 h5 16. Kh2 g5 17. f3 Bh6 18. fxe4 Qg6 19. Nd5 Nxd5 20.
cxd5 Ne7 21. Qc3 Rac8 22. Rf2 Bg7 23. Raf1 Rf8 24. Qb4 b6 25. Qa4 a5 26. Qd7 Rfe8 27. Rxf7 Qxf7 28. Rxf7 Kxf7 29. e5 Rcd8 30. Qe6+ Kf8 31.
Ne4 dxe5 32. Nxg5 1-0

[Event "*** Titled Tuesday Blitz"]
[Site "Chess.com"]
[Date "2019.05.07"]
[Round "1"]
[White "Dhaydon19"]
[Black "LonesomeGeorge1"]
[Result "0-1"]
[WhiteElo "2692"]
[BlackElo "2386"]
[TimeControl "180+2"]
[EndTime "13:07:38 PDT"]
[Termination "LonesomeGeorge1 won by resignation"]

1. e4 c6 2. Nf3 d5 3. Nc3 Nf6 4.
e5 Ne4 5. d4 Nxc3 6. bxc3 c5 7.
Bd3 c4 8. Be2 e6 9. O-O Bd7 10.
h4 Nc6 11. Rb1 Qc7 12. Qd2 O-O-O 13. Ng5 Be8 14. f4 h6 15. Nh3 f6 16. h5 f5 17.
g4 Qf7 18. gxf5 Qxf5 19. Qe3 Bxh5 20. Bxh5 Qxh5 21. f5 Qg4+ 22. Kh2 exf5 23. Qf2 Ne7 24. Nf4 g5 25. Ne6 Re8 26. Ba3 Qh5+ 27. Kg1 f4 28.
Qg2 Qf7 29. Nc5 b6 30. e6 Qf5 31. Rbe1 Nc6 32. Re5 Nxe5 33. Qxd5 Qg4+ 34. Kh1 Qh3+ 35. Kg1 Bxc5 36. Bxc5 Qxe6 37. Qa8+ Kc7 38. Qxa7+ Kc8 39. Qa8+ Kc7 40. Qa7+ Kc8 41. Bxb6 Re7 42. Qa8+ Kd7 43. Qd8+ Rxd8 0-1

[Event "*** Titled Tuesday Blitz"]
[Site "Chess.com"]
[Date "2019.05.07"]
[Round "1"]
[White "Jospem"]
[Black "fm_magua"]
[Result "1-0"]
[WhiteElo "2904"]
[BlackElo "2477"]
[TimeControl "180+2"]
[EndTime "13:07:40 PDT"]
[Termination "Jospem won by checkmate"]

1. e4 c5 2. Nf3 Nc6 3. d4 cxd4 4. Nxd4 e5 5. Nb5 d6 6. N1c3 a6 7. Na3 b5 8. Nd5 Nce7 9. c4 Nxd5 10. exd5 bxc4 11.
Nxc4 f5 12. Be2 Nf6 13. Bd2 a5 14. Be3 Bb7 15. Bb6 Qd7 16. Ne3 Be7 17. a4 Ba6 18. O-O O-O 19. Rc1 Bxe2 20. Qxe2 f4 21. Rc7 Qxa4 22. Nf5 Nxd5 23. Nxe7+ Nxe7 24. Rxe7 f3 25. gxf3 Qh4 26. Rc7 Rf4 27. Kh1 Qh3 28. Rg1 g6 29. Rg3 Qf5 30. Be3 Rh4 31. Qd1 Rf8 32. Qd5+ Kh8 33.
Qxd6 Qh5 34. Qxf8# 1-0

[Event "*** Titled Tuesday Blitz"]
[Site "Chess.com"]
[Date "2019.05.07"]
[Round "1"]
[White "hansen"]
[Black "StoreySniper"]
[Result "1-0"]
[WhiteElo "2777"]
[BlackElo "2422"]
[TimeControl "180+2"]
[EndTime "13:07:41 PDT"]
[Termination "hansen won on time"]

1. e4 g6 2. d4 Bg7 3. Nc3 c5 4. dxc5 Bxc3+ 5. bxc3 Nf6 6. Bd3 Qa5 7. Nf3 Qxc3+ 8. Bd2 Qxc5 9. e5 Ng4 10. O-O Nxe5 11.
Nxe5 Qxe5 12. Re1 Qf6 13. Qc1 h6 14. Bxh6 Qh4 15. Bf4 Nc6 16. h3 d6 17. Bxd6 Bxh3 18.
Bg3 Qh7 19. gxh3 Qxh3 20. Be4 O-O-O 21. Qf4 e5 22. Qxf7 Rd7 23. Qxg6 Nd4 24. c3 Ne6 25. Qf5 Qh6 26. Qxe5 Nc7 27. Qf5 Kb8 28. Qxd7 1-0

[Event "*** Titled Tuesday Blitz"]
[Site "Chess.com"]
[Date "2019.05.07"]
[Round "1"]
[White "novocane"]
[Black "VSERGUEI"]
[Result "0-1"]
[WhiteElo "2249"]
[BlackElo "2583"]
[TimeControl "180+2"]
[EndTime "13:07:48 PDT"]
[Termination "VSERGUEI won by resignation"]

1. d4 d5 2. c4 c6 3. cxd5 cxd5 4.
Bf4 Nc6 5. Nc3 e5 6. dxe5 d4 7. Ne4 Qa5+ 8. Bd2 Qxe5 9. Ng3 Nf6 10. Nf3 Qd5 11. e3 dxe3 12. Bxe3 Bb4+ 13. Bd2 O-O 14. Be2 Rd8 15. Bxb4 Nxb4 16. Qxd5 Nfxd5 17. O-O Nf4 18. Bc4 Be6 19. Bxe6 Nxe6 20. a3 Nc2 21. Rac1 Rac8 22. h3 Kf8 23. Rfd1 Rxd1+ 24. Rxd1 Ke7 25. Ne5 Ncd4 26. Ne4 Rc2 27. Nd3 f5 28.
Nc3 Ne2+ 29. Nxe2 Rxe2 30. Kf1 Rc2 31. f4 h6 32. g3 g5 33. Re1 Kf6 34. fxg5+ hxg5 35.
b4 Rc3 36. Ne5 Rxg3 37. Nd7+ Kf7 38. Ne5+ Kg7 39. Nc4 Kf6 40. Nd6 Rxh3 41. Kg2 Nf4+ 42. Kg1 Rg3+ 43. Kh2 Rxa3 44. Nxb7 g4 45. Re8 g3+ 0-1

[Event "*** Titled Tuesday Blitz"]
[Site "Chess.com"]
[Date "2019.05.07"]
[Round "1"]
[White "Keaton87"]
[Black "TristanCalistri"]
[Result "1-0"]
[WhiteElo "2535"]
[BlackElo "2181"]
[TimeControl "180+2"]
[EndTime "13:07:48 PDT"]
[Termination "Keaton87 won by resignation"]

1. Nf3 Nf6 2. c4 b6 3. g3 c5 4. Bg2 Bb7 5. O-O e6 6. Nc3 a6 7.
d4 cxd4 8. Qxd4 d6 9. Bg5 Nbd7 10. Rfd1 Be7 11. Nd2 Bxg2 12. Kxg2 Rc8 13. Nde4 Rc6 14. Rac1 O-O 15. Bxf6 Nxf6 16. Kg1 Qc7 17. b3 Rc8 18. Rd3 b5 19. cxb5 axb5 20. Rcd1 Nxe4 21. Nxe4 d5 22. Nd2 b4 23. e4 Rc1 24. Nf3 dxe4 25.
Qxe4 Rxd1+ 26. Rxd1 Qc2 27. Qxc2 Rxc2 28. Rd2 Rc1+ 29.
Kg2 f6 30. Nd4 Kf7 31. Nb5 Ke8 32. Nd6+ Bxd6 33. Rxd6 Ke7 34. Ra6 Rc2 35. Kf3 h5 36. h4 e5 37. Ke3 Kf7 38. Ra7+ Kg6 39. f3 Rg2 40. Ra4 Rc2 41. Kd3 Rf2 42. Ke4 Re2+ 43.
Kd5 Re3 44. Rxb4 Rxf3 45. a4 Rxg3 46. a5 1-0

[Event "*** Titled Tuesday Blitz"]
[Site "Chess.com"]
[Date "2019.05.07"]
[Round "1"]
[White "SirStrateg"]
[Black "checkmatequen"]
[Result "1-0"]
[WhiteElo "2534"]
[BlackElo "2178"]
[TimeControl "180+2"]
[EndTime "13:07:49 PDT"]
[Termination "SirStrateg won by resignation"]

1. d4 Nf6 2. Nf3 d6 3. Bf4 g6 4. e3 Bg7 5. h3 O-O 6. Be2 Nbd7 7. O-O Re8 8. c3 e5 9. dxe5 dxe5 10. Nxe5 c6 11.
Nxd7 Bxd7 12. Nd2 b5 13. a4 a6 14. Nf3 Qb6 15. axb5 cxb5 16. Qd6 Bc6 17. Nd4 Rac8 18. Nxc6 Rxc6 19. Qd4 Qxd4 20. cxd4 Ne4 21. Bf3 Rcc8 22. Rxa6 Nd2 23. Rd1 Nxf3+ 24. gxf3 Rc2 25. Rb1 b4 26. Rb6 Bf8 27. b3 Rec8 28. Rb8 Rxb8 29. Bxb8 Be7 30. Kg2 Bh4 31. Bg3 Bf6 32. f4 Kf8 33. Kf3 Ke7 34. Ke4 h5 35. h4 Kd7 36. f5 g5 37. hxg5 Bxg5 38. Rh1 h4 39. Bxh4 Bxh4 40. Rxh4 Rc3 41.
Rh7 Ke7 42. Ke5 Rxb3 43. f6+ Ke8 44. Rh8+ Kd7 45. Rf8 Rb2 46. Rxf7+ Kc6 47. d5+ Kc5 48.
Rc7+ Kb6 49. Rc6+ Kb7 50. Rc4 b3 51. f7 Rxf2 52. Rb4+ Kc7 53. Rxb3 Rxf7 54. d6+ Kc6 55. Rc3+ Kb7 56. e4 Rh7 57. Kd5 Rh5+ 58. e5 Rh1 59. d7 Rd1+ 60. Ke6 Re1 1-0

[Event "*** Titled Tuesday Blitz"]
[Site "Chess.com"]
[Date "2019.05.07"]
[Round "1"]
[White "el-reptiliano"]
[Black "hellokostya"]
[Result "0-1"]
[WhiteElo "2169"]
[BlackElo "2534"]
[TimeControl "180+2"]
[EndTime "13:07:50 PDT"]
[Termination "hellokostya won by resignation"]

1. Nf3 Nf6 2. c4 g6 3. Nc3 Bg7 4. e4 d6 5. d4 O-O 6. h3 Na6 7. Be3 c6 8. Be2 e5 9. d5 Nh5 10. g3 f5 11. exf5 gxf5 12. Nh4 f4 13. Bd3 Qe8 14.
Qb1 e4 15. Bxe4 fxe3 16. Bxh7+ Kh8 17. Ng6+ Kxh7 18. Nxf8+ Kg8 19. Ne6 Bxe6 20. dxe6 exf2+ 21. Kxf2 Qxe6 22. Qe4 Qf7+ 23. Kg2 Re8 24. Qg4 Nf6 25.
Qf4 Nc5 26. Rhf1 Nd3 27. Qxd6 Nxb2 28. Rae1 Rxe1 29. Rxe1 Qxc4 30. Ne2 Nd3 31. Rd1 Qe4+ 32. Kg1 Qe3+ 33. Kh1 Nf2+ 34. Kg2 Nxd1 35. Qd8+ Kh7 36. Qxd1 0-1

[Event "*** Titled Tuesday Blitz"]
[Site "Chess.com"]
[Date "2019.05.07"]
[Round "1"]
[White "nonscitis"]
[Black "WeAintSurePal"]
[Result "1-0"]
[WhiteElo "2562"]
[BlackElo "2229"]
[TimeControl "180+2"]
[EndTime "13:07:52 PDT"]
[Termination "nonscitis won by resignation"]

1. d4 d5 2. c4 e6 3. Nc3 Be7 4.
Nf3 Nf6 5. Bf4 O-O 6. e3 c5 7.
Rc1 Nc6 8. cxd5 Nxd5 9. Nxd5 Qxd5 10. Bc4 Qd7 11. O-O cxd4 12. exd4 a6 13. d5 exd5 14. Bxd5 Bf6 15. Bxc6 bxc6 16. Be5 Qe7 17. Bd6 Qe8 18. Bxf8 Qxf8 19. Rxc6 Bb7 20. Rc2 Rd8 21. Rd2 Re8 22. Re1 Rc8 23. Nd4 g6 24. a3 Qh6 25. b4 Qg5 26. g3 Qd5 27. f3 Bg5 28. Rd3 Rd8 29.
Qe2 Bf6 30. Red1 Qh5 31. g4 Qh4 32. Nb3 Rc8 33. Nc5 Bc6 34. Qf2 Qg5 35. Rd6 Ba8 36.
h4 Qe5 37. Nd7 Be7 38. Nxe5 1-0

[Event "*** Titled Tuesday Blitz"]
[Site "Chess.com"]
[Date "2019.05.07"]
[Round "1"]
[White "bugsbunny444"]
[Black "northridgehawk"]
[Result "1-0"]
[WhiteElo "2568"]
[BlackElo "2244"]
[TimeControl "180+2"]
[EndTime "13:07:53 PDT"]
[Termination "bugsbunny444 won by checkmate"]

1. Nf3 Nf6 2. c4 g6 3. b4 Bg7 4. Bb2 O-O 5. g3 c6 6. Bg2 d5 7.
cxd5 cxd5 8. O-O Nc6 9. b5 Qb6 10. a4 Na5 11. d3 Bg4 12. Bd4 Qd6 13. Nbd2 Bxf3 14. Nxf3 Nd7 15. Bxg7 Kxg7 16. Qd2 b6 17. Qb2+ f6 18. Rfc1 Rac8 19. Bh3 e6 20. Ng5 Nc5 21. d4 Ncb3 22. Nxe6+ Kg8 23. Nxf8 Rxc1+ 24. Rxc1 Nxc1 25. Qxc1 Kxf8 26. Qc8+ Kg7 27. Be6 Kh6 28. e3 Nc4 29.
Qg8 Nd2 30. Bxd5 Qa3 31. Kg2 Qd3 32. Qf8+ Kh5 33. Bf3+ Nxf3 34. Kxf3 Qf5+ 35. Kg2 Qd5+ 36. f3 f5 37. Qe7 Kh6 38. Qh4+ Kg7 39. Qe7+ Kh6 40.
Qxa7 Qa2+ 41. Kh3 Qe2 42. Qe7 Qf1+ 43. Kh4 Qxf3 44. Qf8# 1-0

[Event "*** Titled Tuesday Blitz"]
[Site "Chess.com"]
[Date "2019.05.07"]
[Round "1"]
[White "cherryandmint"]
[Black "GCamachoMartinez"]
[Result "1-0"]
[WhiteElo "2687"]
[BlackElo "2354"]
[TimeControl "180+2"]
[EndTime "13:07:54 PDT"]
[Termination "cherryandmint won by resignation"]

1. e4 e5 2. Nf3 Nf6 3. Nxe5 d6 4. Nf3 Nxe4 5. d4 d5 6. Bd3 Be7 7. O-O Nc6 8. Nbd2 Nxd2 9. Bxd2 Bg4 10. c3 Bh5 11. h3 Bg6 12. Ne1 Bxd3 13. Nxd3 O-O 14.
Qf3 Bd6 15. Rfe1 Qd7 16. Kf1 Ne7 17. Re2 Qf5 18. Bf4 Bxf4 19. Nxf4 Qd7 20. Rae1 Rae8 21. Nxd5 Nxd5 22. Rxe8 Rxe8 23. Rxe8+ Qxe8 24. Qxd5 c6 25. Qe5 Qd8 26. c4 h6 27. d5 cxd5 28. cxd5 Qa5 29. Qe8+ Kh7 30. Qe4+ Kg8 31. Qc4 b5 32. Qc8+ Kh7 33.
Qc2+ Kg8 34. d6 g6 35. d7 Kg7 36. Qc3+ 1-0

[Event "*** Titled Tuesday Blitz"]
[Site "Chess.com"]
[Date "2019.05.07"]
[Round "1"]
[White "VFernandezB"]
[Black "DenishevM"]
[Result "1-0"]
[WhiteElo "2342"]
[BlackElo "2610"]
[TimeControl "180+2"]
[EndTime "13:07:55 PDT"]
[Termination "VFernandezB won by resignation"]

1. d4 Nf6 2. c4 c5 3. Nf3 cxd4 4. Nxd4 Nc6 5. Nc3 g6 6. e4 d6 7. Be2 Nxd4 8. Qxd4 Bg7 9. Qd2 O-O 10. O-O Be6 11. Rb1 Rc8 12. b3 b5 13. Nxb5 Nxe4 14. Qe3 a6 15.
Nd4 Qb6 16. Nxe6 Qxe3 17. Bxe3 fxe6 18. Bg4 Kf7 19. Rbe1 h5 20. Bh3 Ra8 21. Bb6 d5 22.
Bxe6+ Kxe6 23. f3 Ke5 24. Bc7+ Kd4 25. Rd1+ Kc3 26. fxe4 Rxf1+ 27. Kxf1 d4 28. Ke2 e5 29. Rd2 a5 30. Bd6 Bh6 31. Rd3+ Kc2 32. Bxe5 a4 33. Bxd4 axb3 34. axb3 Re8 35. e5 Bg7 36. Re3 Re6 37. c5 1-0

[Event "*** Titled Tuesday Blitz"]
[Site "Chess.com"]
[Date "2019.05.07"]
[Round "1"]
[White "Al_Shima"]
[Black "Durarbayli"]
[Result "0-1"]
[WhiteElo "2399"]
[BlackElo "2751"]
[TimeControl "180+2"]
[EndTime "13:07:57 PDT"]
[Termination "Durarbayli won by resignation"]

1. b3 c6 2. Bb2 d6 3. f4 Nd7 4.
Nf3 Ngf6 5. e3 g6 6. g4 e5 7. g5 Nh5 8. fxe5 dxe5 9. Nxe5 Nxe5 10. Bxe5 Qxg5 11. d4 Qxe3+ 12. Qe2 Bb4+ 13. c3 Bxc3+ 14. Nxc3 Qxc3+ 15. Kf2 O-O 16. Bg2 Be6 17. Rac1 Qa5 18. Bf3 Ng7 19. h4 f6 20. Bd6 Rfe8 21. Rc5 Qd8 22. Bg3 Qxd4+ 23. Qe3 Qxe3+ 24. Kxe3 Bd5+ 25. Kf2 Bxf3 26. Kxf3 Rad8 27. Rc3 Rd2 28. a4 Nh5 29. Bc7 Ree2 30. Rf1 f5 31. a5 a6 32. Bb6 Nf6 33.
Be3 Ra2 34. b4 Nd5 35. Rb3 Rab2 36. Rxb2 Rxb2 37. Bh6 Rb3+ 38. Ke2 Rxb4 39. h5 Kf7 40. hxg6+ hxg6 41. Rh1 Rb2+ 42. Bd2 Nf6 43. Kd3 Ne4 44. Be3 Rb3+ 45. Kd4 c5+ 46. Ke5 Rxe3 47. Rh7+ Kg8 48. Rxb7 Ra3 0-1

[Event "*** Titled Tuesday Blitz"]
[Site "Chess.com"]
[Date "2019.05.07"]
[Round "1"]
[White "Bigfish1995"]
[Black "Berardino"]
[Result "1/2-1/2"]
[WhiteElo "2939"]
[BlackElo "2502"]
[TimeControl "180+2"]
[EndTime "13:07:58 PDT"]
[Termination "Game drawn by repetition"]

1. Nf3 c5 2. c4 Nf6 3. b3 g6 4. Bb2 Bg7 5. g3 O-O 6. Bg2 d6 7. d4 Ne4 8. O-O Nc6 9. e3 Bg4 10. h3 Bxf3 11. Bxf3 f5 12. Na3 d5 13. Nc2 Qd7 14.
cxd5 Qxd5 15. Rb1 Rad8 16. Be2 Kh8 17. Bc4 Qd6 18. dxc5 Qxc5 19. Bxg7+ Kxg7 20. Qc1 Nd2 21. Qb2+ Qe5 22. Qxe5+ Nxe5 23. Nd4 Kf6 24. Ne6 Nexc4 25. Nxf8 Nxb1 26. Nxh7+ Kg7 27. Ng5 Kf6 28. Rxb1 Nd2 29. Nh7+ Kg7 30. Ng5 Kf6 31. Nh7+ Kg7 32. Ng5 Kf6 33.
Nh7+ 1/2-1/2

[Event "*** Titled Tuesday Blitz"]
[Site "Chess.com"]
[Date "2019.05.07"]
[Round "1"]
[White "LarissaSteenbekkers"]
[Black "Heineccius"]
[Result "0-1"]
[WhiteElo "1975"]
[BlackElo "2510"]
[TimeControl "180+2"]
[EndTime "13:08:08 PDT"]
[Termination "Heineccius won by checkmate"]

1. e4 c5 2. Nf3 e6 3. d4 cxd4 4.
Nxd4 a6 5. Nc3 Qc7 6. g3 Bb4 7. Bd2 Nf6 8. Bg2 Nc6 9. Nb3 Be7 10. O-O d6 11. Re1 b5 12. Nd5 exd5 13. exd5 Ne5 14. f4 Nc4 15. Bc3 O-O 16. Nd4 Ng4 17. Nc6 Bf6 18.
h3 Qb6+ 19. Bd4 Bxd4+ 20. Nxd4 Nge3 21. Qd3 Nxc2 22. Qxc2 Qxd4+ 23. Kh2 Ne3 24. Qe2 Nxg2 25. Qxg2 Bb7 26. Rad1 Qf6 27. Qf3 Rac8 28. g4 Rc4 29.
f5 h6 30. Re2 Rfc8 31. Rdd2 Rd4 32. Rxd4 Qxd4 33. Re7 Rc2+ 34. Kg3 Bxd5 35. Re8+ Kh7 36.
Qf1 Rg2+ 37. Kh4 Qf6+ 38. Kh5 Qg5# 0-1

[Event "*** Titled Tuesday Blitz"]
[Site "Chess.com"]
[Date "2019.05.07"]
[Round "1"]
[White "Indianlad"]
[Black "SloLev"]
[Result "1-0"]
[WhiteElo "2891"]
[BlackElo "2472"]
[TimeControl "180+2"]
[EndTime "13:08:12 PDT"]
[Termination "Indianlad won by resignation"]

1. d4 d5 2. Nf3 Nf6 3. Bf4 c5 4. e3 Qb6 5. dxc5 Qxb2 6. Nbd2 Nc6 7. Rb1 Qc3 8. Bb5 Qxc5 9. Ne5 a6 10. Bxc6+ bxc6 11. O-O e6 12. Nb3 Qc3 13. Nd4 Ne4 14.
Rb3 Qc5 15. Qh5 g6 16. Qe2 Bg7 17. Nd3 Qc4 18. Rb4 Qc3 19. f3 Nd2 20. Rd1 Nc4 21.
Rb3 Qa5 22. Nxc6 Qa4 23. Nce5 O-O 24. Rb4 Qxa2 25. Nxc4 dxc4 26. Ne5 a5 27. Rb6 Ba6 28.
h4 Qa3 29. Nc6 Qc5 30. Rdb1 a4 31. Qd2 Qd5 32. Ne7+ Kh8 33. Nxd5 exd5 34. Qxd5 a3 35. Be5 f6 36. Rxf6 Rfd8 37. Rd6 a2 38. Rxd8+ 1-0

[Event "*** Titled Tuesday Blitz"]
[Site "Chess.com"]
[Date "2019.05.07"]
[Round "1"]
[White "saraswathii"]
[Black "Lagmantr"]
[Result "0-1"]
[WhiteElo "2245"]
[BlackElo "2571"]
[TimeControl "180+2"]
[EndTime "13:08:18 PDT"]
[Termination "Lagmantr won by resignation"]

1. e3 e5 2. g3 d5 3. Bg2 Nf6 4.
Ne2 Nc6 5. d4 Be7 6. dxe5 Nxe5 7.
O-O O-O 8. b3 Ne4 9. Bb2 Bf6 10.
c4 Nf3+ 11. Bxf3 Bxb2 12. cxd5 Ng5 13. Nd2 Bxa1 14. Qxa1 Nxf3+ 15. Nxf3 Qxd5 16. Kg2 Bh3+ 17. Kxh3 Qxf3 18. Nd4 Qe4 19. Qc3 Rad8 20. Qxc7 Rd5 21. g4 h5 22. Rg1 hxg4+ 23. Rxg4 Rh5+ 24. Kg3 Qh1 25. Nf3 Rf5 26. Qxb7 Re8 27. Rf4 Rxf4 28. exf4 Qb1 29. Qxa7 Qg6+ 30. Kh3 f6 31. Qa5 f5 32.
Qd5+ Kh8 33. Ng5 Qh5+ 34. Kg2 Qg4+ 35. Kf1 Qxf4 36. Ne6 Qxh2 37. Ng5 Qh5 38. Nf7+ Kh7 39. Nd6 Qh3+ 0-1

[Event "*** Titled Tuesday Blitz"]
[Site "Chess.com"]
[Date "2019.05.07"]
[Round "1"]
[White "kharov2001"]
[Black "MateusViageiro"]
[Result "1-0"]
[WhiteElo "2534"]
[BlackElo "2154"]
[TimeControl "180+2"]
[EndTime "13:08:18 PDT"]
[Termination "kharov2001 won by checkmate"]

1. e4 c5 2. Nf3 d6 3. Bb5+ Nd7 4. d4 cxd4 5. Qxd4 a6 6. Bxd7+ Bxd7 7. Bg5 Nf6 8. Nc3 e5 9. Qd3 Be6 10. O-O-O Rc8 11.
Kb1 Be7 12. Bxf6 gxf6 13. Nd5 Bxd5 14. Qxd5 Qc7 15. c3 Qc6 16. Nh4 Qxd5 17. Rxd5 Rc4 18.
f3 Bf8 19. Rhd1 Rc6 20. Nf5 Kd7 21. R5d3 h5 22. g3 Ke6 23. Ne3 Bh6 24. Nd5 Re8 25. b3 f5 26. c4 fxe4 27. fxe4 f5 28. exf5+ Kxf5 29. Rf3+ Ke4 30. Rf7 Bg5 31. h4 Bd8 32.
Re1+ Kd4 33. a4 b5 34. axb5 axb5 35. Rd1+ Kc5 36. Rb7 bxc4 37. bxc4 Kxc4 38. Ne3+ Kc5 39. Rd5# 1-0

[Event "*** Titled Tuesday Blitz"]
[Site "Chess.com"]
[Date "2019.05.07"]
[Round "1"]
[White "Komissarov_alex"]
[Black "Cryptochess"]
[Result "0-1"]
[WhiteElo "2125"]
[BlackElo "2530"]
[TimeControl "180+2"]
[EndTime "13:08:20 PDT"]
[Termination "Cryptochess won on time"]

1. d4 d6 2. Nc3 Nf6 3. Bf4 g6 4. Qd2 Bg7 5. Bh6 O-O 6. Bxg7 Kxg7 7. O-O-O c6 8. h4 b5 9. h5 b4 10. Na4 Qa5 11. hxg6 fxg6 12. Qh6+ Kg8 13. b3 Nbd7 14. Nf3 Re8 15. Ng5 Nf8 16. e4 e5 17. dxe5 Qxe5 18.
Bc4+ d5 19. exd5 cxd5 20. Nxh7 N8xh7 21. Qxg6+ Kh8 22. Rxd5 Qe4 23. Qxf6+ Kg8 24. Qe5 Rxe5 25. Rxe5+ Qxc4 26. bxc4 Nf6 27. Rg5+ Kf7 28. Rg3 Bb7 29. Re3 Rc8 30. Rh6 Rxc4 31. Rg3 Be4 32. Rh4 Rxc2+ 0-1

[Event "*** Titled Tuesday Blitz"]
[Site "Chess.com"]
[Date "2019.05.07"]
[Round "1"]
[White "Karacsonyi_Gellert"]
[Black "MathiasWomacka"]
[Result "1-0"]
[WhiteElo "2560"]
[BlackElo "2225"]
[TimeControl "180+2"]
[EndTime "13:08:21 PDT"]
[Termination "Karacsonyi_Gellert won by checkmate"]

1. e4 c5 2. Nf3 d6 3. d4 cxd4 4.
Nxd4 Nf6 5. Nc3 a6 6. Bc4 e6 7. Bb3 b5 8. O-O Be7 9. Qf3 Qb6 10.
Be3 Qb7 11. Qg3 O-O 12. Bh6 Ne8 13. Rfe1 Bd7 14. Rad1 Nc6 15. Nxc6 Bxc6 16. Nd5 Bd8 17. Nf4 Kh8 18. Bg5 Bxg5 19. Qxg5 Bxe4 20. Re3 h6 21.
Rh3 Bh7 22. Qh4 Nf6 23. g4 Ne4 24. Re3 d5 25. Qh3 Rad8 26. Qg2 d4 27. Re2 Qb6 28.
Rxe4 Bxe4 29. Qxe4 Qd6 30. Rd3 e5 31. Nd5 a5 32. g5 a4 33. Rh3 axb3 34. Nf6 bxa2 35.
Qh7# 1-0

[Event "*** Titled Tuesday Blitz"]
[Site "Chess.com"]
[Date "2019.05.07"]
[Round "1"]
[White "nurgyulsalimova"]
[Black "NemtsevIgor"]
[Result "1-0"]
[WhiteElo "2599"]
[BlackElo "2276"]
[TimeControl "180+2"]
[EndTime "13:08:22 PDT"]
[Termination "nurgyulsalimova won by resignation"]

1. e4 c6 2. Nc3 d5 3. Qf3 e5 4. exd5 Nf6 5. dxc6 Nxc6 6. Bb5 Bd7 7. Nge2 Bc5 8. O-O O-O 9. d3 h6 10. Ne4 Be7 11. Be3 a6 12. Bc4 Na5 13. Nxf6+ Bxf6 14. Bd5 Qc8 15. Nc3 Nc6 16. Ne4 Be7 17. h3 Kh8 18.
Nc5 f5 19. Nxd7 Qxd7 20. Bxc6 bxc6 21. Rfe1 Bd6 22. Rad1 c5 23. Qd5 Qc7 24. Bd2 Rf6 25. Bc3 Re8 26. Re2 Rfe6 27. Rde1 Kh7 28. Qf3 Rf6 29. Qd5 Rfe6 30. Qc4 Rg6 31. Qd5 Rge6 32. a3 R8e7 33. f4 e4 34. Qxf5+ Kh8 35. Rxe4 Rxe4 36. Rxe4 Rxe4 37. dxe4 Bxf4 38. Qf8+ Kh7 39. Qf5+ Kh8 40. e5 Be3+ 41. Kh1 Bd4 42. Bxd4 cxd4 43. e6 Qg3 44. Qe4 1-0

[Event "*** Titled Tuesday Blitz"]
[Site "Chess.com"]
[Date "2019.05.07"]
[Round "1"]
[White "Divertissement"]
[Black "santosalberto1987"]
[Result "1-0"]
[WhiteElo "2680"]
[BlackElo "2353"]
[TimeControl "180+2"]
[EndTime "13:08:26 PDT"]
[Termination "Divertissement won by resignation"]

1. e4 e6 2. d4 d5 3. Nd2 c5 4. exd5 Qxd5 5. Ngf3 cxd4 6. Bc4 Qd6 7. O-O Nf6 8. Nb3 Nc6 9. Nbxd4 Nxd4 10. Nxd4 a6 11. Bb3 Bd7 12. Be3 Qc7 13. Qf3 Bd6 14.
h3 O-O-O 15. c4 Kb8 16. Rac1 e5 17. c5 Bf8 18. c6 exd4 19. Bf4 Bd6 20. Bxd6 Qxd6 21.
c7+ Ka7 22. cxd8=Q Rxd8 23. Bxf7 Bc6 24. Qd3 Ne4 25.
Bh5 Nf6 26. Bf3 Bb5 27. Qb3 Rd7 28. Rfd1 g5 29. a4 Bc6 30. Bxc6 bxc6 31. Qc4 Kb6 32. a5+ Kb7 33. Rd3 Nd5 34. Qxd4 Qe6 35. Qc5 h5 36. Rb3+ Ka8 37. Qf8+ 1-0

[Event "*** Titled Tuesday Blitz"]
[Site "Chess.com"]
[Date "2019.05.07"]
[Round "1"]
[White "IMDT02"]
[Black "Alexander_Moskalenko"]
[Result "0-1"]
[WhiteElo "2459"]
[BlackElo "2863"]
[TimeControl "180+2"]
[EndTime "13:08:28 PDT"]
[Termination "Alexander_Moskalenko won by resignation"]

1. d4 Nf6 2. c4 b6 3. Nc3 Bb7 4. d5 e6 5. a3 Bd6 6. g3 O-O 7. Bg2 Be5 8. Bd2 exd5 9. cxd5 Re8 10. Nh3 c6 11. dxc6 Bxc6 12. Bxc6 Nxc6 13. O-O d5 14. Ng5 h6 15. Nf3 d4 16. Na2 d3 17. Nxe5 Nxe5 18. exd3 Qd5 19. Nc3 Nf3+ 20. Kh1 Qh5 21. h4 Qg4 22.
Kg2 Nxh4+ 23. Kg1 Qg6 24. Kh1 Nf5 25. Bf4 Rad8 26. Qa4 Ng4 27. Kg2 Nd4 28. Rae1 Rxe1 29. Rxe1 b5 30. Qd1 Qc6+ 31. f3 g5 32. Ne4 f5 33.
fxg4 fxe4 34. Be5 e3+ 35. Kh3 e2 36. Qb1 Qe6 37. Bxd4 Rxd4 38. Qc2 Rxg4 39. Rxe2 Re4+ 0-1